 Dungeon Crawl Stone Soup version 0.22.0-13-g43fe8f24b8 (webtiles) character file.

161 Htamos the Grave Robber (level 5, 0/37 HPs)
             Began as a Gnoll Necromancer on Aug 17, 2018.
             Was a Follower of Cheibriados.
             Slain by a river rat (8 damage)
             ... in a sewer.
             The game lasted 00:07:35 (3154 turns).

Htamos the Grave Robber (Gnoll Necromancer)         Turns: 3154, Time: 00:07:36

Health: 0/37       AC:  2    Str: 13    XL:     5   Next: 42%
Magic:  4/12       EV: 15    Int: 21    God:    Cheibriados [*.....]
Gold:   117        SH:  0    Dex: 19    Spells: 3/14 levels left

rFire    . . .     SeeInvis .   e - +0 dagger
rCold    . . .     Gourm    .   (no shield)
rNeg     . . .     Faith    .   p - +0 robe
rPois    .         Spirit   .   (no helmet)
rElec    .         Reflect  .   (no cloak)
rCorr    .         Harm     .   (no gloves)
MR       .....                  (no boots)
Stlth    +++.......             s - amulet of the acrobat
HPRegen  1.12/turn              (no ring)
MPRegen  0.13/turn              (no ring)

@: regenerating, very slow
A: distributed training, fangs 1, strong nose
a: Bend Time, Renounce Religion


You were in a sewer.
You worshipped Cheibriados.
Cheibriados was aware of your devotion.
You were hungry.

You visited 1 branch of the dungeon, and saw 3 of its levels.
You also visited: Sewer.

You collected 117 gold pieces.

Inventory:

Hand Weapons
 d - a cursed -2 dagger
 e - a +0 dagger (weapon)
Missiles
 b - 52 stones (quivered)
 l - 27 bolts
 m - 21 arrows
Armour
 a - a +0 robe
 p - a +0 robe (worn)
 w - a +0 pair of gloves
 z - a +0 pair of boots
Jewellery
 g - an uncursed ring of positive energy {unknown}
 h - an uncursed ring of protection from cold {unknown}
 s - an amulet of the acrobat (around neck)
Wands
 x - a wand of paralysis (14)
Scrolls
 f - 2 scrolls of teleportation {unknown}
 i - 3 scrolls of identify {unknown}
 k - a scroll of immolation {unknown}
 o - a scroll of fear {unknown}
 r - a scroll of remove curse {unknown}
 y - a scroll of enchant armour {unknown}
 B - a scroll of enchant weapon {unknown}
Potions
 j - 4 potions of might {unknown}
 q - a potion of haste {unknown}
 t - 2 potions of brilliance {unknown}
 u - a potion of lignification {unknown}
 v - 4 potions of heal wounds {unknown}
 A - 2 potions of curing {unknown}
Comestibles
 c - 6 rations
 n - 4 chunks of flesh


   Skills:
 + Level 1.4 Fighting
 + Level 1.4 Short Blades
 + Level 1.4 Long Blades
 + Level 1.4 Axes
 + Level 1.4 Maces & Flails
 + Level 1.4 Polearms
 + Level 1.4 Staves
 + Level 1.4 Slings
 + Level 1.4 Bows
 + Level 1.4 Crossbows
 + Level 1.4 Throwing
 + Level 1.4 Armour
 + Level 4.8 Dodging
 + Level 4.4 Stealth
 + Level 1.4 Shields
 + Level 1.4 Unarmed Combat
 + Level 5.2 Spellcasting
 + Level 1.1 Conjurations
 + Level 1.1 Hexes
 + Level 1.1 Charms
 + Level 1.1 Summonings
 + Level 7.2 Necromancy
 + Level 1.1 Translocations
 + Level 1.1 Transmutations
 + Level 1.1 Fire Magic
 + Level 1.1 Ice Magic
 + Level 1.1 Air Magic
 + Level 1.1 Earth Magic
 + Level 1.1 Poison Magic
 + Level 1.6 Invocations
 + Level 1.4 Evocations


You had 3 spell levels left.
You knew the following spells:

 Your Spells              Type           Power        Failure   Level  Hunger
a - Pain                  Necr           ####         1%          1    None
b - Vampiric Draining     Necr           #####.....   1%          3    ##.....
c - Regeneration          Chrm/Necr      ###.......   5%          3    ##.....
d - Animate Dead          Necr           N/A          5%          4    ####...

Your spell library contained the following spells:

 Spells                   Type           Power        Failure   Level  Hunger
 Animate Skeleton         Necr           N/A          1%          1    None


Dungeon Overview and Level Annotations

Branches:
Dungeon (3/15)

Altars:
Cheibriados


Innate Abilities, Weirdness & Mutations

Your experience applies equally to all skills.
You have very sharp teeth.
Your uncanny sense of smell can sniff out nearby items.


Message History

Unknown command.
Okay, then.
Okay, then.
You hit the river rat but do no damage.
The river rat is moderately wounded.
The rat closely misses you. x2; The rat barely misses you.
The rat closely misses you. The river rat barely misses you. The rat bites you.
* * * LOW HITPOINT WARNING * * *
The river rat bites you!
* * * LOW HITPOINT WARNING * * *
Casting: Regeneration (safe; 5% risk of failure)
Confirm with . or Enter, or press ? or * to list all spells.
You call on the dead to rise...
The dead are walking!
You are feeling hungry.
The river rat barely misses you. The rat barely misses you.
The rat closely misses you. The rat bites you but does no damage.
The rat barely misses you. The river rat misses you. The rat bites you.
* * * LOW HITPOINT WARNING * * *
The river rat bites you!
You die...

##### ### ....## #..##
.....####.... #...........
##.......# .... ..##..rrr...##
#..... ......r@rr...##......#
......rrr...........≈≈≈
≈≈≈≈≈≈≈≈≈≈≈≈≈...........≈≈≈≈≈≈≈≈≈
≈≈≈≈≈≈≈≈≈≈≈≈≈≈≈≈≈≈≈≈≈≈≈≈≈≈≈≈≈≈≈≈≈
≈≈≈≈≈≈≈≈≈≈≈≈≈≈≈≈≈≈≈≈≈≈≈≈≈≈≈≈≈≈≈≈≈
≈≈≈≈≈≈≈≈≈≈≈≈≈≈≈.......≈≈≈≈≈≈≈≈≈≈≈
≈≈≈≈≈≈≈≈≈≈≈≈≈≈...........≈≈≈≈≈≈≈≈
≈≈≈≈...............Z........≈≈≈≈≈
...................÷.............


You could see 3 river rats, 6 rats and a friendly rat skeleton.

Vanquished Creatures
  2 adders (D:3)
  3 river rats (Sewer)
  2 oozes
  4 worms (D:3)
  3 dart slugs
  2 leopard geckos
  A ball python (Sewer)
  5 giant cockroaches
  7 goblins
  7 hobgoblins
  6 jackals (D:1)
  12 kobolds
  2 quokkas (D:2)
  9 bats
  5 frilled lizards
  20 rats
90 creatures vanquished.

Notes
Turn   | Place    | Note
-------+----------+-------------------------------------------
     0 | D:1      | Htamos the Gnoll Necromancer began the quest for the Orb.
     0 | D:1      | Reached XP level 1. HP: 13/13 MP: 6/6
   343 | D:1      | Reached XP level 2. HP: 19/19 MP: 5/7
   821 | D:1      | Reached XP level 3. HP: 24/25 MP: 6/9
   949 | D:1      | Reached skill level 5 in Spellcasting
  1528 | D:2      | Reached skill level 1 in Invocations
  1737 | D:2      | Found a snail-covered altar of Cheibriados.
  1755 | D:2      | Became a worshipper of Cheibriados the Contemplative
  1935 | D:2      | Reached skill level 1 in Fighting
  1935 | D:2      | Reached skill level 1 in Short Blades
  1935 | D:2      | Reached skill level 1 in Long Blades
  1935 | D:2      | Reached skill level 1 in Axes
  1935 | D:2      | Reached skill level 1 in Maces & Flails
  1935 | D:2      | Reached skill level 1 in Polearms
  1935 | D:2      | Reached skill level 1 in Staves
  1935 | D:2      | Reached skill level 1 in Slings
  1935 | D:2      | Reached skill level 1 in Bows
  1935 | D:2      | Reached skill level 1 in Crossbows
  1935 | D:2      | Reached skill level 1 in Throwing
  1935 | D:2      | Reached skill level 1 in Armour
  1935 | D:2      | Reached skill level 1 in Shields
  1935 | D:2      | Reached skill level 1 in Unarmed Combat
  1935 | D:2      | Reached skill level 1 in Evocations
  2084 | D:2      | Reached XP level 4. HP: 28/32 MP: 4/11
  2089 | D:2      | Learned a level 3 spell: Vampiric Draining
  2093 | D:2      | Learned a level 3 spell: Regeneration
  2098 | D:2      | Learned a level 4 spell: Animate Dead
  2647 | D:3      | Reached skill level 1 in Conjurations
  2647 | D:3      | Reached skill level 1 in Hexes
  2647 | D:3      | Reached skill level 1 in Charms
  2647 | D:3      | Reached skill level 1 in Summonings
  2647 | D:3      | Reached skill level 1 in Translocations
  2647 | D:3      | Reached skill level 1 in Transmutations
  2647 | D:3      | Reached skill level 1 in Fire Magic
  2647 | D:3      | Reached skill level 1 in Ice Magic
  2647 | D:3      | Reached skill level 1 in Air Magic
  2647 | D:3      | Reached skill level 1 in Earth Magic
  2647 | D:3      | Reached skill level 1 in Poison Magic
  2688 | D:3      | Reached * piety under Cheibriados
  2721 | D:3      | Found a glowing drain.
  2728 | Sewer    | Entered a sewer
  2926 | Sewer    | Reached XP level 5. HP: 37/37 MP: 10/12
  3154 | Sewer    | Slain by a river rat

Skill      XL: |  1  2  3  4 |
---------------+-------------+-----
Spellcasting   | 5 |  5.2
Invocations    | 1 |  1.6
Fighting       | 1 |  1.4
Short Blades   | 1 |  1.4
Long Blades    | 1 |  1.4
Axes           | 1 |  1.4
Maces & Flails | 1 |  1.4
Polearms       | 1 |  1.4
Staves         | 1 |  1.4
Slings         | 1 |  1.4
Bows           | 1 |  1.4
Crossbows      | 1 |  1.4
Throwing       | 1 |  1.4
Armour         | 1 |  1.4
Shields        | 1 |  1.4
Unarmed Combat | 1 |  1.4
Evocations     | 1 |  1.4
Conjurations   | 1 |  1.1
Hexes          | 1 |  1.1
Charms         | 1 |  1.1
Summonings     | 1 |  1.1
Translocations | 1 |  1.1
Transmutations | 1 |  1.1
Fire Magic     | 1 |  1.1
Ice Magic      | 1 |  1.1
Air Magic      | 1 |  1.1
Earth Magic    | 1 |  1.1
Poison Magic   | 1 |  1.1
Dodging        | |  4.8
Stealth        | |  4.4
Necromancy     | |  7.2

Action                   |  1- 3 |  4- 6 || total
-------------------------+-------+-------++-------
Melee: Dagger            |    32 |   114 ||   146
       Bite              |     4 |    12 ||    16
       Punch             |     1 |       ||     1
 Cast: Pain              |    65 |    25 ||    90
       Regeneration      |       |     8 ||     8
       Animate Dead      |       |     2 ||     2
 Stab: Sleeping          |     2 |    13 ||    15
  Eat: Chunk             |     4 |     3 ||     7
Armor: Robe              |     4 |    22 ||    26
Dodge: Dodged            |    28 |   153 ||   181
